 Dungeon Crawl Stone Soup version 0.26.0-45-g9c1d065592 (webtiles) character file.

Game seed: 13769146957360240226

42 jlumianski the Skirmisher (level 3, -4/35 HPs)
             Began as a Palentonga Fighter on Jan 29, 2021.
             Slain by an iguana (10 damage)
             ... on level 2 of the Dungeon.
             The game lasted 00:01:49 (392 turns).

jlumianski the Skirmisher (Palentonga Fighter)       Turns: 392, Time: 00:01:50

Health: -4/35      AC:  6    Str: 20    XL:     3   Next: 33%
Magic:  3/3        EV:  5    Int:  8    God:
Gold:   25         SH:  8    Dex:  9    Spells: 2/2 levels left

rFire    . . .     SeeInvis +   a - +0 war axe
rCold    . . .     Faith    .   c - +0 kite shield
rNeg     . . .     Spirit   .   b - +0 scale mail
rPois    .         Reflect  .   (no helmet)
rElec    .         Harm     .   (no cloak)
rCorr    .         Rampage  .   (no gloves)
Will     .....                  (no barding)
Stlth    ..........             (no amulet)
HPRegen  0.11/turn              (no ring)
MPRegen  0.08/turn              (no ring)

@: no status effects
A: large, rugged brown scales 3, see invisible, deformed body, roll 1, armoured
tail
a: Rolling Charge


You were on level 2 of the Dungeon.
You visited 1 branch of the dungeon, and saw 2 of its levels.

You collected 25 gold pieces.

Inventory:

Hand Weapons
 a - a +0 war axe (weapon)
Missiles
 e - 28 stones (quivered)
Armour
 b - a +0 scale mail (worn)
 c - a +0 kite shield (worn)
Scrolls
 g - a scroll of blinking {unknown}
 i - a scroll of enchant armour {unknown}
 j - a scroll of magic mapping {unknown}
 k - a scroll of identify {unknown}
Potions
 d - a potion of might
 f - a potion of curing {unknown}
 h - a potion of heal wounds


   Skills:
 + Level 3.7 Fighting
 + Level 2.3 Axes
 + Level 2.6 Armour
 + Level 2.7 Shields


You had 2 spell levels left.
You didn't know any spells.
Your spell library was empty.

Dungeon Overview and Level Annotations

Branches:
Dungeon (2/15)

Altars:


Innate Abilities, Weirdness & Mutations

You are completely covered in rugged brown scales. (AC +3, +7% HP)
You have supernaturally acute eyesight. (SInv)
Armour fits poorly on your strangely shaped body.
You can roll at nearby foes to attack.
You have a long armoured tail.


Message History

You slash the jelly!
Your hands burn!
The jelly is severely wounded.
The jelly hits you but does no damage.
You slash the jelly!
You kill the jelly!
You have reached level 3!
Your experience leads to an increase in your attributes!
Increase (S)trength, (I)ntelligence, or (D)exterity?
You feel stronger.
You open the door.
An iguana comes into view.
You hit the iguana but do no damage. The iguana bites you.
The jelly jiggles.
You block the iguana's attack.
You barely miss the iguana. The iguana bites you!
You barely miss the iguana. You block the iguana's attack.
The iguana bites you!
* * * LOW HITPOINT WARNING * * *
You closely miss the iguana. The iguana bites you!
You die...

### ... .. #.. ..# .
#.# #.# .# #.# #.#
.# # #.# #.#..#.##
#.##########.#......
#..............#
#..........#.###
#.......@..#<#
##'##+##l#.#.#
#.##J##.#.#.#
#+##+##+#...# ##...#
#...# #.#.# .. .#
##. .#


You could see an iguana and a jelly.

Vanquished Creatures
  A jelly (D:2)
  2 dart slugs (D:1)
  A goblin (D:1)
  2 hobgoblins (D:1)
  A kobold (D:1)
  2 bats (D:1)
  A rat (D:1)
10 creatures vanquished.

Notes
Turn   | Place    | Note
-------+----------+-------------------------------------------
     0 | D:1      | jlumianski the Palentonga Fighter began the quest for the
                  | Orb.
     0 | D:1      | Reached XP level 1. HP: 20/20 MP: 1/1
   284 | D:1      | Reached XP level 2. HP: 27/27 MP: 2/2
   380 | D:2      | Reached XP level 3. HP: 28/35 MP: 3/3
   392 | D:2      | Slain by an iguana

Illustrated notes

Levels and vault maps discovered:
D:1:      wheals_arrival_linesprint, layout_rooms
D:2:      layout_rooms, bloody_makhleb, general_overflow_altar, serial_forest,
          infiniplex_forest_3_way, infiniplex_forest_fountain,
          infiniplex_forest_clump_diagonal, infiniplex_forest_fountain,
          infiniplex_forest_straight_2, infiniplex_forest_fountain,
          infiniplex_forest_clump_medium, infiniplex_forest_diagonal,
          dk_xom_monty_hall

Action                   || total
-------------------------++-------
Melee: War axe           ||    31
 Abil: Rolling Charge    ||     8
  Use: Potion            ||     1
Armor: Scale mail        ||    21
Dodge: Dodged            ||     8
Block: Kite shield       ||    20
